Remparts vs Carnivores
Created - 11 février 2017 at 00:13
Goals
|
| Remparts |
2 |
1 |
3 |
6 |
| Carnivores |
2 |
2 |
1 |
5 |
|
Shots
|
| Remparts |
19 |
8 |
16 |
43 |
| Carnivores |
12 |
8 |
12 |
32 |
|
1st period
1. Remparts , Pasi Salonen 21 (Jonathan Matsumoto) at 0:26 (PP)
2. Carnivores , Anton Gustafsson 15 (Jeremy Williams, Bobby Sanguinetti) at 3:29
3. Remparts , Jonathan Cheechoo 12 (Erik Gudbranson, Radko Gudas) at 12:36
4. Carnivores , Brendan Gallagher 25 (Blake Geoffrion, Mikael Granlund) at 19:15 (PP)
Penalties :
Mikael Granlund (Bre) for Slashing (Minor) at 0:22, Radko Gudas (Que) for Boarding (Minor) at 14:04, Petr Straka (Que) for Tripping (Minor) at 18:58
2nd period
5. Carnivores , Blake Geoffrion 24 (Mikael Granlund, Bobby Sanguinetti) at 1:32 (PP)
6. Carnivores , Bobby Sanguinetti 3 (Zack Smith) at 13:57
7. Remparts , Luca Caputi 3 (Erik Gudbranson, Chris Mueller) at 16:04
Penalties :
Dale Weise (Que) for High sticking (Minor) at 1:23, Jarod Palmer (Que) for Tripping (Minor) at 2:58, Sasha Pokulok (Bre) for Hooking (Minor) at 6:15, Mikael Granlund (Bre) for Holding (Minor) at 16:09
3rd period
8. Carnivores , Anton Gustafsson 16 (Jeremy Williams) at 12:33
9. Remparts , Pasi Salonen 22 (Erik Gudbranson) at 13:32
10. Remparts , Erik Gudbranson 4 (Pasi Salonen) at 15:06
11. Remparts , Radko Gudas 2 (Jonathan Matsumoto, Tyler Plante) at 17:54 (PP)
Penalties :
Blake Geoffrion (Bre) for Delaying the game (Minor) at 1:39, Zack Smith (Bre) for Hooking (Minor) at 16:33
Goalie Stats
Petr Mrazek (Que), 13 saves from 17 shots - (0,765), 33:57 minutes
Tyler Plante (Que), 14 saves from 15 shots - (0,933), W, 1-4-2, 26:03 minutes
Antti Raanta (Bre), 37 saves from 43 shots - (0,860), L, 7-5-1, 59:25 minutes
Players Stats for Remparts
Player Name G A P +/- PIM S H SB GA TA FO MP PP MP PK MP
------------------------------------------------------------------------------------
Brandon Gormley 0 0 0 -2 0 0 0 0 0 0 0/0 19:20 3:04 0:34
Cédric Lalonde-McNicoll 0 0 0 1 0 1 2 0 0 1 9/20 19:43 3:09 2:50
Chris Mueller 0 1 1 2 0 0 1 0 0 0 5/6 10:41 0:00 0:00
Dale Weise 0 0 0 -1 2 0 2 0 0 0 0/0 8:47 0:00 0:00
Erik Gudbranson 1 3 4 2 0 4 2 2 1 0 0/0 27:39 4:18 2:33
Geordie Wudrick 0 0 0 -1 0 1 2 0 0 0 0/0 8:48 0:00 0:00
Guillaume Desbiens 0 0 0 1 0 5 5 0 1 0 0/1 16:01 3:09 0:00
Jarod Palmer 0 0 0 -1 2 7 1 0 0 0 1/3 9:36 0:02 0:22
Johannes Salmonsson 0 0 0 1 0 3 1 0 0 1 0/0 19:43 3:09 2:50
Jonathan Cheechoo 1 0 1 2 0 5 1 0 0 0 0/0 11:53 0:02 0:55
Jonathan Matsumoto 0 2 2 -1 0 3 1 0 0 0 17/33 19:40 4:13 0:26
Luca Caputi 1 0 1 2 0 1 0 0 0 0 0/1 10:41 0:00 0:00
Nate Guenin 0 0 0 1 0 0 1 0 0 0 0/0 16:07 0:00 2:43
Pasi Salonen 2 1 3 -1 0 7 1 0 2 0 1/2 20:22 4:11 1:25
Petr Straka 0 0 0 -1 2 0 0 2 0 0 0/1 18:56 4:11 0:00
Radko Gudas 1 1 2 2 2 4 1 2 2 1 0/0 25:03 4:18 0:56
Ty Wishart 0 0 0 -2 0 1 1 3 0 2 0/0 20:27 3:04 1:41
William Colbert 0 0 0 1 0 1 1 0 0 1 0/0 12:05 0:00 0:21
Players Stats for Carnivores
Player Name G A P +/- PIM S H SB GA TA FO MP PP MP PK MP
------------------------------------------------------------------------------------
Anton Gustafsson 2 0 2 1 0 5 1 0 1 0 7/15 15:27 1:52 0:00
Blake Geoffrion 1 1 2 -2 2 4 2 0 1 0 1/3 19:25 2:32 0:00
Bobby Sanguinetti 1 2 3 1 0 4 1 0 1 1 0/0 23:13 2:28 0:00
Brendan Gallagher 1 0 1 -2 0 4 0 0 0 1 0/0 21:49 2:30 1:53
Chris Lawrence 0 0 0 0 0 1 1 0 0 0 0/0 9:27 0:00 0:00
Colton Orr 0 0 0 0 0 0 0 0 0 0 0/0 0:03 0:02 0:00
Frederic St-Denis 0 0 0 -1 0 0 0 0 0 0 0/0 12:22 0:00 2:48
Jeremy Welsh 0 0 0 1 0 1 1 0 0 0 0/0 15:27 1:52 0:00
Jeremy Williams 0 2 2 1 0 5 3 0 0 0 3/9 19:31 1:52 4:04
Lane MacDermid 0 0 0 0 0 1 2 0 2 0 1/1 13:30 0:00 4:03
Mark McNeill 0 0 0 0 0 0 0 0 0 0 0/0 7:42 0:00 0:00
Markus Granlund 0 0 0 0 0 0 0 0 0 0 1/5 9:54 0:00 0:27
Mat Clark 0 0 0 -1 0 0 1 1 0 0 0/0 10:39 1:56 0:00
Mattias Backman 0 0 0 0 0 0 0 0 0 1 0/0 5:14 0:00 0:16
Michael Schumacher 0 0 0 0 0 0 1 0 0 0 0/0 9:11 0:00 1:26
Mikael Granlund 0 2 2 -2 4 5 1 1 0 1 19/32 21:03 2:32 1:19
Nate Schmidt 0 0 0 1 0 1 0 0 0 1 0/0 26:53 2:28 2:48
Phil Oreskovic 0 0 0 -1 0 0 2 2 0 1 0/0 19:41 1:56 4:34
Sasha Pokulok 0 0 0 -1 2 1 1 3 1 0 0/0 16:24 0:00 3:26
Zach Jones 0 0 0 0 0 0 0 1 0 0 0/0 5:36 0:00 0:52
Zack Smith 0 1 1 0 2 0 1 0 0 0 2/2 10:02 0:00 1:32
3 Stars
1 - Erik Gudbranson (Que)
2 - Bobby Sanguinetti (Bre)
3 - Pasi Salonen (Que)
Power Play
Remparts - 2 on 5 Attempt(s) - 40,00%
Carnivores - 2 on 4 Attempt(s) - 50,00%
Penalty Kill
Remparts - 2 on 4 Attempt(s) - 50,00%
- Score 0 goal in Penalty Kill
Carnivores - 3 on 5 Attempt(s) - 60,00%
- Score 0 goal in Penalty Kill
Team Stat
Remparts - Hits : 23 - Faceoff Wins : 33 - Blocked Shots : 9 - Penalty Minutes : 8
Carnivores - Hits : 18 - Faceoff Wins : 34 - Blocked Shots : 8 - Penalty Minutes : 10
Official
Referees : Leggo Mike and Kozari Steve
Linesman : Mike Cvik and Derek Nansen
Game Notes
Tyler Plante enters game at 13:57 of 2nd period
Finance
Level 1 -- Attendance: 1446 (72,30%) -- Ticket Income 57 840 $
Level 2 -- Attendance: 780 (78,00%) -- Ticket Income 15 600 $
Total Attendance: 2226 (74,20%)
Total Ticket Income: 73 440 $
Other Income: 3 672 $
Total Income: 77 112 $
Remparts
5 vs 5 Forward
Center Left Wing Right Wing Time % Phy DF OF
1 Jonathan Matsumoto Pasi Salonen Petr Straka 40 0 2 3
2 Cédric Lalonde-McNicoll Johannes Salmonsson Guillaume Desbiens 30 0 2 3
3 Chris Mueller Luca Caputi Jonathan Cheechoo 20 0 3 2
4 Jarod Palmer Geordie Wudrick Dale Weise 10 1 2 2
5 vs 5 Defense
Defense Defense Time % Phy DF OF
1 Erik Gudbranson Radko Gudas 40 0 2 3
2 Brandon Gormley Ty Wishart 30 0 2 3
3 Nate Guenin William Colbert 20 1 2 2
4 Erik Gudbranson Radko Gudas 10 0 2 3
PowerPlay Forward
Center Left Wing Right Wing Time % Phy DF OF
1 Jonathan Matsumoto Pasi Salonen Petr Straka 60 0 1 4
2 Cédric Lalonde-McNicoll Johannes Salmonsson Guillaume Desbiens 40 0 1 4
PowerPlay Defense
Defense Defense Time % Phy DF OF
1 Erik Gudbranson Radko Gudas 60 0 2 3
2 Brandon Gormley Ty Wishart 40 0 2 3
Penalty Kill 4 Players Forward
Center Wing Time % Phy DF OF
1 Cédric Lalonde-McNicoll Johannes Salmonsson 60 1 4 0
2 Jarod Palmer Pasi Salonen 40 1 4 0
Penalty Kill 4 Players Defense
Defense Defense Time % Phy DF OF
1 Erik Gudbranson Nate Guenin 60 1 4 0
2 Radko Gudas Ty Wishart 40 1 4 0
Penalty Kill - 3 Players Forward
Forward Time % Phy DF OF
1 Cédric Lalonde-McNicoll 60 1 4 0
2 Johannes Salmonsson 40 1 4 0
Penalty Kill - 3 Players Defense
Defense Defense Time % Phy DF OF
1 Erik Gudbranson Nate Guenin 60 1 4 0
2 Radko Gudas Ty Wishart 40 1 4 0
4 vs 4 Forward
Center Wing Time % Phy DF OF
1 Jonathan Matsumoto Guillaume Desbiens 60 0 2 3
2 Cédric Lalonde-McNicoll Pasi Salonen 40 0 2 3
4 vs 4 Defense
Defense Defense Time % Phy DF OF
1 Erik Gudbranson Radko Gudas 60 0 2 3
2 Brandon Gormley Ty Wishart 40 0 2 3
Last Minutes Offensive
Center Left Wing Right Wing Defense Defense
Jonathan Matsumoto Pasi Salonen Petr Straka Erik Gudbranson Radko Gudas
Last Minutes Defensive
Center Left Wing Right Wing Defense Defense
Cédric Lalonde-McNicoll Johannes Salmonsson Guillaume Desbiens Erik Gudbranson Nate Guenin
Goaltenders
Starting : Petr Mrazek
Backup : Tyler Plante
Extra Forwards
Normal : Pasi Salonen, Jarod Palmer, Petr Straka - PP : Petr Straka, Jarod Palmer - PK : Jonathan Cheechoo
Extra Defensemen
Normal : Brandon Gormley, Erik Gudbranson, Ty Wishart - PP : Erik Gudbranson - PK : Ty Wishart, Erik Gudbranson
Penalty Shots
Pasi Salonen, Radko Gudas, Jonathan Matsumoto, Jonathan Cheechoo, Jarod Palmer
Carnivores
5 vs 5 Forward
Center Left Wing Right Wing Time % Phy DF OF
1 Mikael Granlund Blake Geoffrion Brendan Gallagher 40 1 2 2
2 Anton Gustafsson Jeremy Welsh Jeremy Williams 30 1 2 2
3 Markus Granlund Lane MacDermid Chris Lawrence 20 1 2 2
4 Zack Smith Michael Schumacher Mark McNeill 10 1 2 2
5 vs 5 Defense
Defense Defense Time % Phy DF OF
1 Bobby Sanguinetti Nate Schmidt 40 1 2 2
2 Phil Oreskovic Sasha Pokulok 30 1 2 2
3 Mat Clark Frederic St-Denis 20 1 2 2
4 Mattias Backman Zach Jones 10 1 2 2
PowerPlay Forward
Center Left Wing Right Wing Time % Phy DF OF
1 Mikael Granlund Blake Geoffrion Brendan Gallagher 60 1 1 3
2 Anton Gustafsson Jeremy Welsh Jeremy Williams 40 1 1 3
PowerPlay Defense
Defense Defense Time % Phy DF OF
1 Bobby Sanguinetti Nate Schmidt 60 1 2 2
2 Mat Clark Phil Oreskovic 40 1 2 2
Penalty Kill 4 Players Forward
Center Wing Time % Phy DF OF
1 Jeremy Williams Lane MacDermid 60 1 2 2
2 Zack Smith Brendan Gallagher 40 1 2 2
Penalty Kill 4 Players Defense
Defense Defense Time % Phy DF OF
1 Phil Oreskovic Sasha Pokulok 60 1 2 2
2 Frederic St-Denis Nate Schmidt 40 1 2 2
Penalty Kill - 3 Players Forward
Forward Time % Phy DF OF
1 Jeremy Williams 60 1 2 2
2 Anton Gustafsson 40 1 2 2
Penalty Kill - 3 Players Defense
Defense Defense Time % Phy DF OF
1 Phil Oreskovic Sasha Pokulok 60 1 2 2
2 Frederic St-Denis Nate Schmidt 40 1 2 2
4 vs 4 Forward
Center Wing Time % Phy DF OF
1 Mikael Granlund Blake Geoffrion 60 1 2 2
2 Anton Gustafsson Chris Lawrence 40 1 2 2
4 vs 4 Defense
Defense Defense Time % Phy DF OF
1 Bobby Sanguinetti Nate Schmidt 60 1 2 2
2 Phil Oreskovic Sasha Pokulok 40 1 2 2
Last Minutes Offensive
Center Left Wing Right Wing Defense Defense
Mikael Granlund Blake Geoffrion Brendan Gallagher Bobby Sanguinetti Nate Schmidt
Last Minutes Defensive
Center Left Wing Right Wing Defense Defense
Anton Gustafsson Blake Geoffrion Brendan Gallagher Bobby Sanguinetti Nate Schmidt
Goaltenders
Starting : Antti Raanta
Backup : Chad Johnson
Extra Forwards
Normal : Colton Orr, Brendan Gallagher, Mark McNeill - PP : Colton Orr, Brendan Gallagher - PK : Lane MacDermid
Extra Defensemen
Normal : Mat Clark, Mattias Backman, Zach Jones - PP : Mat Clark - PK : Nate Schmidt, Zach Jones
Penalty Shots
Blake Geoffrion, Jeremy Williams, Chris Lawrence, Colton Orr, Zack Smith
% Time on Ice - Remparts
Lines # - Real PCT - Wanted PCT - Time Play
Normal Forward
1 - 34% - 40% - 15:53
2 - 25% - 30% - 11:46
3 - 23% - 20% - 10:41
4 - 19% - 10% - 8:48
Normal Defense
1 - 40% - 40% - 18:44
2 - 33% - 30% - 15:42
3 - 23% - 20% - 10:48
4 - 4% - 10% - 1:54
PP Forward
1 - 57% - 60% - 4:13
2 - 43% - 40% - 3:09
PP Defense
1 - 58% - 60% - 4:18
2 - 42% - 40% - 3:04
PK Forward
1 - 78% - 60% - 3:25
2 - 22% - 40% - 0:59
PK Defense
1 - 58% - 60% - 2:33
2 - 42% - 40% - 1:51
PK3 Forward
1 - 0% - 60%
2 - 0% - 40%
PK3 Defense
1 - 0% - 60%
2 - 0% - 40%
44 Forward
1 - 0% - 60%
2 - 0% - 40%
44 Defense
1 - 0% - 60%
2 - 0% - 40%
Last Minute Offensive - 0:00
Last Minute Defensive - 1:06
Total
Forward - 60:00
Defense - 60:00
|
% Time on Ice - Carnivores
Lines # - Real PCT - Wanted PCT - Time Play
Normal Forward
1 - 33% - 40% - 15:36
2 - 31% - 30% - 14:24
3 - 20% - 20% - 9:27
4 - 16% - 10% - 7:42
Normal Defense
1 - 42% - 40% - 19:54
2 - 30% - 30% - 14:18
3 - 17% - 20% - 8:13
4 - 10% - 10% - 4:44
PP Forward
1 - 58% - 60% - 2:32
2 - 42% - 40% - 1:52
PP Defense
1 - 56% - 60% - 2:28
2 - 44% - 40% - 1:56
PK Forward
1 - 74% - 60% - 5:29
2 - 26% - 40% - 1:53
PK Defense
1 - 62% - 60% - 4:34
2 - 38% - 40% - 2:48
PK3 Forward
1 - 0% - 60%
2 - 0% - 40%
PK3 Defense
1 - 0% - 60%
2 - 0% - 40%
44 Forward
1 - 0% - 60%
2 - 0% - 40%
44 Defense
1 - 0% - 60%
2 - 0% - 40%
Last Minute Offensive - 1:05
Last Minute Defensive - 0:00
Total
Forward - 60:00
Defense - 60:00
|
Play by Play
1st period
0:01 of 1st period - Jonathan Matsumoto wins face-off versus Mikael Granlund in neutral zone.
0:06 of 1st period - Wrist shot by Petr Straka.
0:06 of 1st period - Shot Misses the Net.
0:22 of 1st period - Minor Penalty to Mikael Granlund for Slashing.
0:23 of 1st period - Jonathan Matsumoto wins face-off versus Jeremy Williams in Carnivores zone.
0:26 of 1st period - Wrist shot by Pasi Salonen.
0:26 of 1st period - Goal by Pasi Salonen - Remparts : 1 - Carnivores : 0.
0:27 of 1st period - Chris Mueller wins face-off versus Anton Gustafsson in neutral zone.
0:52 of 1st period - Phil Oreskovic is hit by Guillaume Desbiens and loses puck.
1:39 of 1st period - Snap shot by Blake Geoffrion.
1:39 of 1st period - Stopped by Petr Mrazek with a rebound.
1:41 of 1st period - Slapshot by Blake Geoffrion.
1:41 of 1st period - Deflect By Mikael Granlund.
1:41 of 1st period - Stopped by Petr Mrazek with a rebound.
2:01 of 1st period - Snap shot by Johannes Salmonsson.
2:01 of 1st period - Stopped by Antti Raanta with a rebound.
2:13 of 1st period - Chris Mueller is hit by Lane MacDermid and loses puck.
3:10 of 1st period - Zach Jones is hit by Jonathan Matsumoto and loses puck.
3:29 of 1st period - Snap shot by Anton Gustafsson.
3:29 of 1st period - Goal by Anton Gustafsson - Remparts : 1 - Carnivores : 1.
3:30 of 1st period - Mikael Granlund wins face-off versus Guillaume Desbiens in neutral zone.
3:41 of 1st period - Wrist shot by Johannes Salmonsson.
3:41 of 1st period - Stopped by Antti Raanta without a rebound.
3:42 of 1st period - Cédric Lalonde-McNicoll wins face-off versus Jeremy Williams in Carnivores zone.
3:45 of 1st period - Snap shot by Johannes Salmonsson.
3:45 of 1st period - Shot Misses the Net.
3:55 of 1st period - Snap shot by Jeremy Williams.
3:55 of 1st period - Shot Misses the Net.
3:57 of 1st period - Snap shot by Anton Gustafsson.
3:57 of 1st period - Stopped by Petr Mrazek with a rebound.
4:12 of 1st period - Slapshot by Mikael Granlund.
4:12 of 1st period - Stopped by Petr Mrazek with a rebound.
4:14 of 1st period - Slapshot by Bobby Sanguinetti.
4:14 of 1st period - Shot Blocked by Radko Gudas.
4:16 of 1st period - Slapshot by Bobby Sanguinetti.
4:16 of 1st period - Shot Blocked by Radko Gudas.
4:25 of 1st period - Off-side.
4:26 of 1st period - Markus Granlund wins face-off versus Luca Caputi in neutral zone.
4:56 of 1st period - Wrist shot by Pasi Salonen.
4:56 of 1st period - Stopped by Antti Raanta with a rebound.
4:58 of 1st period - Slapshot by William Colbert.
4:58 of 1st period - Shot Misses the Net.
5:00 of 1st period - Slapshot by Jonathan Matsumoto.
5:00 of 1st period - Stopped by Antti Raanta with a rebound.
5:02 of 1st period - Slapshot by Nate Guenin.
5:02 of 1st period - Shot Misses the Net.
5:34 of 1st period - Zack Smith is hit by Geordie Wudrick and loses puck.
5:53 of 1st period - Wrist shot by Jonathan Cheechoo.
5:53 of 1st period - Shot Misses the Net.
5:57 of 1st period - Slapshot by Erik Gudbranson.
5:57 of 1st period - Deflect By Jonathan Cheechoo.
5:57 of 1st period - Shot Misses the Net.
5:57 of 1st period - Puck is out of play.
5:58 of 1st period - Chris Mueller wins face-off versus Mikael Granlund in Carnivores zone.
6:03 of 1st period - Slapshot by Jonathan Cheechoo.
6:03 of 1st period - Shot Misses the Net.
6:13 of 1st period - Wrist shot by Erik Gudbranson.
6:13 of 1st period - Shot Misses the Net.
6:15 of 1st period - Slapshot by Radko Gudas.
6:15 of 1st period - Deflect By Jonathan Cheechoo.
6:15 of 1st period - Shot Misses the Net.
6:15 of 1st period - Puck is out of play.
6:16 of 1st period - Jonathan Matsumoto wins face-off versus Anton Gustafsson in Carnivores zone.
6:21 of 1st period - Snap shot by Pasi Salonen.
6:21 of 1st period - Stopped by Antti Raanta without a rebound.
6:22 of 1st period - Jonathan Matsumoto wins face-off versus Anton Gustafsson in Carnivores zone.
6:25 of 1st period - Wrist shot by Pasi Salonen.
6:25 of 1st period - Stopped by Antti Raanta without a rebound.
6:26 of 1st period - Anton Gustafsson wins face-off versus Jonathan Matsumoto in Carnivores zone.
6:26 of 1st period - Anton Gustafsson is hit by Ty Wishart.
6:38 of 1st period - Wrist shot by Jeremy Williams.
6:38 of 1st period - Shot Blocked by Ty Wishart.
6:42 of 1st period - Wrist shot by Jeremy Williams.
6:42 of 1st period - Stopped by Petr Mrazek with a rebound.
6:46 of 1st period - Snap shot by Jeremy Williams.
6:46 of 1st period - Stopped by Petr Mrazek with a rebound.
7:04 of 1st period - Wrist shot by Pasi Salonen.
7:04 of 1st period - Stopped by Antti Raanta with a rebound.
7:07 of 1st period - Icing by Nate Schmidt.
7:08 of 1st period - Cédric Lalonde-McNicoll wins face-off versus Anton Gustafsson in Carnivores zone.
7:17 of 1st period - Snap shot by Johannes Salmonsson.
7:17 of 1st period - Deflect By Jeremy Williams.
7:17 of 1st period - Stopped by Antti Raanta without a rebound.
7:18 of 1st period - Mikael Granlund wins face-off versus Cédric Lalonde-McNicoll in Carnivores zone.
7:53 of 1st period - Snap shot by Jonathan Cheechoo.
7:53 of 1st period - Stopped by Antti Raanta without a rebound.
7:54 of 1st period - Jonathan Matsumoto wins face-off versus Mikael Granlund in Carnivores zone.
8:21 of 1st period - Zach Jones is hit by Johannes Salmonsson and loses puck.
8:40 of 1st period - Off-side.
8:41 of 1st period - Jarod Palmer wins face-off versus Anton Gustafsson in neutral zone.
9:08 of 1st period - Brandon Gormley is hit by Phil Oreskovic and loses puck.
9:24 of 1st period - Off-side.
9:25 of 1st period - Zack Smith wins face-off versus Cédric Lalonde-McNicoll in neutral zone.
9:34 of 1st period - Slapshot by Bobby Sanguinetti.
9:34 of 1st period - Stopped by Petr Mrazek with a rebound.
9:39 of 1st period - Off-side.
9:40 of 1st period - Jonathan Matsumoto wins face-off versus Mikael Granlund in neutral zone.
10:28 of 1st period - Snap shot by Lane MacDermid.
10:28 of 1st period - Stopped by Petr Mrazek with a rebound.
10:51 of 1st period - Snap shot by Mikael Granlund.
10:51 of 1st period - Shot Misses the Net.
10:53 of 1st period - Backhand shot by Mikael Granlund.
10:53 of 1st period - Stopped by Petr Mrazek without a rebound.
10:54 of 1st period - Mikael Granlund wins face-off versus Jarod Palmer in Remparts zone.
11:19 of 1st period - Blake Geoffrion is hit by Cédric Lalonde-McNicoll and loses puck.
12:36 of 1st period - Wrist shot by Jonathan Cheechoo.
12:36 of 1st period - Goal by Jonathan Cheechoo - Remparts : 2 - Carnivores : 1.
12:37 of 1st period - Mikael Granlund wins face-off versus Jonathan Matsumoto in neutral zone.
13:04 of 1st period - Johannes Salmonsson is hit by Jeremy Welsh and loses puck.
13:46 of 1st period - Zack Smith is hit by Dale Weise and loses puck.
14:04 of 1st period - Minor Penalty to Radko Gudas for Boarding.
14:05 of 1st period - Mikael Granlund wins face-off versus Cédric Lalonde-McNicoll in Remparts zone.
14:05 of 1st period - Snap shot by Blake Geoffrion.
14:05 of 1st period - Shot Misses the Net.
14:17 of 1st period - Mikael Granlund is hit by Cédric Lalonde-McNicoll and loses puck.
16:04 of 1st period - Penalty to Radko Gudas is over, Radko Gudas is back on ice.
16:49 of 1st period - Wrist shot by Jonathan Cheechoo.
16:49 of 1st period - Stopped by Antti Raanta with a rebound.
16:51 of 1st period - Wrist shot by Luca Caputi.
16:51 of 1st period - Shot Blocked by Sasha Pokulok.
16:53 of 1st period - Snap shot by Jonathan Cheechoo.
16:53 of 1st period - Stopped by Antti Raanta with a rebound.
16:59 of 1st period - Wrist shot by Jonathan Cheechoo.
16:59 of 1st period - Stopped by Antti Raanta without a rebound.
17:00 of 1st period - Mikael Granlund wins face-off versus Jonathan Matsumoto in Carnivores zone.
17:25 of 1st period - Zack Smith is hit by Chris Mueller and loses puck.
17:46 of 1st period - Snap shot by Jeremy Williams.
17:46 of 1st period - Stopped by Petr Mrazek without a rebound.
17:47 of 1st period - Anton Gustafsson wins face-off versus Jarod Palmer in Remparts zone.
17:54 of 1st period - Snap shot by Jeremy Welsh.
17:54 of 1st period - Shot Misses the Net.
18:16 of 1st period - Snap shot by Jarod Palmer.
18:16 of 1st period - Stopped by Antti Raanta with a rebound.
18:28 of 1st period - Wrist shot by Jarod Palmer.
18:28 of 1st period - Stopped by Antti Raanta with a rebound.
18:30 of 1st period - Wrist shot by Jarod Palmer.
18:30 of 1st period - Stopped by Antti Raanta with a rebound.
18:40 of 1st period - Slapshot by Jarod Palmer.
18:40 of 1st period - Shot Misses the Net.
18:42 of 1st period - Snap shot by Jarod Palmer.
18:42 of 1st period - Stopped by Antti Raanta with a rebound.
18:44 of 1st period - Slapshot by Radko Gudas.
18:44 of 1st period - Shot Misses the Net.
18:46 of 1st period - Slapshot by Radko Gudas.
18:46 of 1st period - Stopped by Antti Raanta without a rebound.
18:47 of 1st period - Mikael Granlund wins face-off versus Jonathan Matsumoto in Carnivores zone.
18:47 of 1st period - Mikael Granlund is hit by Radko Gudas.
18:58 of 1st period - Minor Penalty to Petr Straka for Tripping.
18:59 of 1st period - Mikael Granlund wins face-off versus Cédric Lalonde-McNicoll in Remparts zone.
19:15 of 1st period - Snap shot by Brendan Gallagher.
19:15 of 1st period - Goal by Brendan Gallagher - Remparts : 2 - Carnivores : 2.
19:16 of 1st period - Cédric Lalonde-McNicoll wins face-off versus Mikael Granlund in neutral zone.
Goals for this period are 2 for Remparts vs 2 for Carnivores.
Shots for this period are 19 for Remparts vs 12 for Carnivores.
2nd period
0:01 of 2nd period - Jonathan Matsumoto wins face-off versus Mikael Granlund in neutral zone.
1:13 of 2nd period - Erik Gudbranson is hit by Phil Oreskovic and loses puck.
1:23 of 2nd period - Minor Penalty to Dale Weise for High sticking.
1:24 of 2nd period - Cédric Lalonde-McNicoll wins face-off versus Mikael Granlund in Remparts zone.
1:32 of 2nd period - Wrist shot by Blake Geoffrion.
1:32 of 2nd period - Goal by Blake Geoffrion - Remparts : 2 - Carnivores : 3.
1:33 of 2nd period - Mikael Granlund wins face-off versus Jonathan Matsumoto in neutral zone.
1:36 of 2nd period - Erik Gudbranson is hit by Blake Geoffrion and loses puck.
1:59 of 2nd period - Anton Gustafsson is hit by Guillaume Desbiens and loses puck.
2:28 of 2nd period - Snap shot by Chris Lawrence.
2:28 of 2nd period - Stopped by Petr Mrazek with a rebound.
2:30 of 2nd period - Backhand shot by Nate Schmidt.
2:30 of 2nd period - Shot Blocked by Ty Wishart.
2:32 of 2nd period - Slapshot by Nate Schmidt.
2:32 of 2nd period - Shot Blocked by Ty Wishart.
2:58 of 2nd period - Minor Penalty to Jarod Palmer for Tripping.
2:59 of 2nd period - Cédric Lalonde-McNicoll wins face-off versus Mikael Granlund in Remparts zone.
4:26 of 2nd period - Icing by Phil Oreskovic.
4:27 of 2nd period - Jonathan Matsumoto wins face-off versus Mikael Granlund in Carnivores zone.
4:35 of 2nd period - Icing by Anton Gustafsson.
4:36 of 2nd period - Anton Gustafsson wins face-off versus Cédric Lalonde-McNicoll in Carnivores zone.
4:45 of 2nd period - Snap shot by Jeremy Williams.
4:45 of 2nd period - Deflect By Jeremy Welsh.
4:45 of 2nd period - Stopped by Petr Mrazek without a rebound.
4:46 of 2nd period - Mikael Granlund wins face-off versus Cédric Lalonde-McNicoll in Remparts zone.
4:49 of 2nd period - Slapshot by Mikael Granlund.
4:49 of 2nd period - Shot Misses the Net.
4:58 of 2nd period - Penalty to Jarod Palmer is over, Jarod Palmer is back on ice.
5:01 of 2nd period - Wrist shot by Blake Geoffrion.
5:01 of 2nd period - Deflect By Mikael Granlund.
5:01 of 2nd period - Stopped by Petr Mrazek with a rebound.
5:27 of 2nd period - Chris Lawrence is hit by Nate Guenin and loses puck.
6:15 of 2nd period - Minor Penalty to Sasha Pokulok for Hooking.
6:16 of 2nd period - Jonathan Matsumoto wins face-off versus Jeremy Williams in Carnivores zone.
6:31 of 2nd period - Wrist shot by Pasi Salonen.
6:31 of 2nd period - Shot Blocked by Zach Jones.
7:39 of 2nd period - Nate Schmidt is hit by Erik Gudbranson and loses puck.
8:15 of 2nd period - Penalty to Sasha Pokulok is over, Sasha Pokulok is back on ice.
10:11 of 2nd period - Slapshot by Bobby Sanguinetti.
10:11 of 2nd period - Shot Misses the Net.
11:04 of 2nd period - Markus Granlund is hit by Jonathan Cheechoo.
11:28 of 2nd period - Wrist shot by Jeremy Welsh.
11:28 of 2nd period - Shot Blocked by Petr Straka.
12:19 of 2nd period - Wrist shot by Jonathan Matsumoto.
12:19 of 2nd period - Shot Misses the Net.
12:21 of 2nd period - Snap shot by Jonathan Matsumoto.
12:21 of 2nd period - Shot Blocked by Sasha Pokulok.
12:23 of 2nd period - Backhand shot by Jonathan Matsumoto.
12:23 of 2nd period - Stopped by Antti Raanta without a rebound.
12:24 of 2nd period - Zack Smith wins face-off versus Jonathan Matsumoto in Carnivores zone.
12:49 of 2nd period - Phil Oreskovic is hit by Guillaume Desbiens and loses puck.
13:18 of 2nd period - Radko Gudas is hit by Jeremy Williams and loses puck.
13:49 of 2nd period - Snap shot by Jarod Palmer.
13:49 of 2nd period - Stopped by Antti Raanta with a rebound.
13:57 of 2nd period - Slapshot by Bobby Sanguinetti.
13:57 of 2nd period - Goal by Bobby Sanguinetti - Remparts : 2 - Carnivores : 4.
13:57 of 2nd period - Tyler Plante enters game.
13:58 of 2nd period - Jonathan Matsumoto wins face-off versus Mikael Granlund in neutral zone.
14:20 of 2nd period - Icing by Petr Straka.
14:21 of 2nd period - Anton Gustafsson wins face-off versus Pasi Salonen in Remparts zone.
14:22 of 2nd period - Slapshot by Jeremy Williams.
14:22 of 2nd period - Shot Misses the Net.
14:24 of 2nd period - Snap shot by Bobby Sanguinetti.
14:24 of 2nd period - Shot Misses the Net.
14:26 of 2nd period - Slapshot by Jeremy Williams.
14:26 of 2nd period - Stopped by Tyler Plante without a rebound.
14:27 of 2nd period - Cédric Lalonde-McNicoll wins face-off versus Anton Gustafsson in Remparts zone.
14:32 of 2nd period - Snap shot by Guillaume Desbiens.
14:32 of 2nd period - Stopped by Antti Raanta without a rebound.
14:33 of 2nd period - Mikael Granlund wins face-off versus Cédric Lalonde-McNicoll in Carnivores zone.
15:19 of 2nd period - Luca Caputi is hit by Sasha Pokulok and loses puck.
15:26 of 2nd period - Snap shot by Jonathan Cheechoo.
15:26 of 2nd period - Shot Blocked by Phil Oreskovic.
15:28 of 2nd period - Slapshot by William Colbert.
15:28 of 2nd period - Stopped by Antti Raanta without a rebound.
15:29 of 2nd period - Mikael Granlund wins face-off versus Cédric Lalonde-McNicoll in Carnivores zone.
15:36 of 2nd period - Snap shot by Bobby Sanguinetti.
15:36 of 2nd period - Deflect By Johannes Salmonsson.
15:36 of 2nd period - Stopped by Tyler Plante with a rebound.
15:58 of 2nd period - Snap shot by Erik Gudbranson.
15:58 of 2nd period - Deflect By Blake Geoffrion.
15:58 of 2nd period - Stopped by Antti Raanta with a rebound.
16:00 of 2nd period - Snap shot by Erik Gudbranson.
16:00 of 2nd period - Stopped by Antti Raanta without a rebound.
16:01 of 2nd period - Chris Mueller wins face-off versus Anton Gustafsson in Carnivores zone.
16:02 of 2nd period - Slapshot by Erik Gudbranson.
16:02 of 2nd period - Shot Blocked by Mat Clark.
16:04 of 2nd period - Slapshot by Luca Caputi.
16:04 of 2nd period - Goal by Luca Caputi - Remparts : 3 - Carnivores : 4.
16:05 of 2nd period - Jonathan Matsumoto wins face-off versus Mikael Granlund in neutral zone.
16:09 of 2nd period - Minor Penalty to Mikael Granlund for Holding.
16:10 of 2nd period - Jonathan Matsumoto wins face-off versus Jeremy Williams in Carnivores zone.
17:32 of 2nd period - Icing by Radko Gudas.
17:33 of 2nd period - Jonathan Matsumoto wins face-off versus Markus Granlund in Remparts zone.
18:06 of 2nd period - Slapshot by Brendan Gallagher.
18:06 of 2nd period - Stopped by Tyler Plante with a rebound.
18:09 of 2nd period - Penalty to Mikael Granlund is over, Mikael Granlund is back on ice.
18:24 of 2nd period - Slapshot by Geordie Wudrick.
18:24 of 2nd period - Stopped by Antti Raanta with a rebound.
18:30 of 2nd period - William Colbert is hit by Mikael Granlund and loses puck.
19:14 of 2nd period - Guillaume Desbiens is hit by Lane MacDermid.
19:24 of 2nd period - Phil Oreskovic is hit by Geordie Wudrick and loses puck.
19:41 of 2nd period - Petr Straka is hit by Michael Schumacher and loses puck.
19:53 of 2nd period - Off-side.
19:54 of 2nd period - Mikael Granlund wins face-off versus Chris Mueller in neutral zone.
Goals for this period are 1 for Remparts vs 2 for Carnivores.
Shots for this period are 8 for Remparts vs 8 for Carnivores.
3rd period
0:01 of 3rd period - Mikael Granlund wins face-off versus Jonathan Matsumoto in neutral zone.
0:32 of 3rd period - Jeremy Welsh is hit by Guillaume Desbiens.
0:37 of 3rd period - Icing by Jeremy Williams.
0:38 of 3rd period - Chris Mueller wins face-off versus Anton Gustafsson in Carnivores zone.
0:47 of 3rd period - Wrist shot by Jeremy Williams.
0:47 of 3rd period - Shot Misses the Net.
0:49 of 3rd period - Slapshot by Anton Gustafsson.
0:49 of 3rd period - Stopped by Tyler Plante without a rebound.
0:50 of 3rd period - Jonathan Matsumoto wins face-off versus Mikael Granlund in Remparts zone.
0:59 of 3rd period - Snap shot by Brendan Gallagher.
0:59 of 3rd period - Stopped by Tyler Plante with a rebound.
1:01 of 3rd period - Snap shot by Brendan Gallagher.
1:01 of 3rd period - Stopped by Tyler Plante with a rebound.
1:03 of 3rd period - Snap shot by Mikael Granlund.
1:03 of 3rd period - Shot Blocked by Erik Gudbranson.
1:19 of 3rd period - Snap shot by Erik Gudbranson.
1:19 of 3rd period - Stopped by Antti Raanta without a rebound.
1:20 of 3rd period - Mikael Granlund wins face-off versus Cédric Lalonde-McNicoll in Carnivores zone.
1:25 of 3rd period - Snap shot by Bobby Sanguinetti.
1:25 of 3rd period - Stopped by Tyler Plante without a rebound.
1:26 of 3rd period - Mikael Granlund wins face-off versus Jonathan Matsumoto in Remparts zone.
1:37 of 3rd period - Wrist shot by Ty Wishart.
1:37 of 3rd period - Shot Misses the Net.
1:39 of 3rd period - Minor Penalty to Blake Geoffrion for Delaying the game.
1:40 of 3rd period - Jeremy Williams wins face-off versus Jonathan Matsumoto in Carnivores zone.
1:47 of 3rd period - Snap shot by Pasi Salonen.
1:47 of 3rd period - Stopped by Antti Raanta with a rebound.
1:49 of 3rd period - Wrist shot by Petr Straka.
1:49 of 3rd period - Shot Hit the Post.
3:39 of 3rd period - Penalty to Blake Geoffrion is over, Blake Geoffrion is back on ice.
3:49 of 3rd period - Blake Geoffrion is hit by Jarod Palmer and loses puck.
4:20 of 3rd period - Nate Schmidt is hit by Dale Weise and loses puck.
4:33 of 3rd period - Nate Guenin is hit by Blake Geoffrion and loses puck.
4:46 of 3rd period - Cédric Lalonde-McNicoll is hit by Chris Lawrence.
4:58 of 3rd period - Erik Gudbranson is hit by Jeremy Williams and loses puck.
5:17 of 3rd period - Zach Jones is hit by William Colbert and loses puck.
5:30 of 3rd period - Brendan Gallagher is hit by Guillaume Desbiens and loses puck.
5:59 of 3rd period - Petr Straka is hit by Mat Clark and loses puck.
6:27 of 3rd period - Mikael Granlund is hit by Erik Gudbranson and loses puck.
6:38 of 3rd period - Radko Gudas is hit by Jeremy Williams and loses puck.
7:48 of 3rd period - Slapshot by Nate Guenin.
7:48 of 3rd period - Deflect By Jarod Palmer.
7:48 of 3rd period - Stopped by Antti Raanta without a rebound.
7:49 of 3rd period - Cédric Lalonde-McNicoll wins face-off versus Markus Granlund in Carnivores zone.
7:54 of 3rd period - Wrist shot by Cédric Lalonde-McNicoll.
7:54 of 3rd period - Deflect By Guillaume Desbiens.
7:54 of 3rd period - Stopped by Antti Raanta without a rebound.
7:55 of 3rd period - Lane MacDermid wins face-off versus Cédric Lalonde-McNicoll in Carnivores zone.
8:02 of 3rd period - Slapshot by Sasha Pokulok.
8:02 of 3rd period - Stopped by Tyler Plante without a rebound.
8:03 of 3rd period - Jonathan Matsumoto wins face-off versus Mikael Granlund in Remparts zone.
8:39 of 3rd period - Snap shot by Guillaume Desbiens.
8:39 of 3rd period - Shot Blocked by Phil Oreskovic.
8:41 of 3rd period - Snap shot by Guillaume Desbiens.
8:41 of 3rd period - Shot Misses the Net.
9:18 of 3rd period - Off-side.
9:19 of 3rd period - Anton Gustafsson wins face-off versus Petr Straka in neutral zone.
9:22 of 3rd period - Snap shot by Bobby Sanguinetti.
9:22 of 3rd period - Shot Blocked by Petr Straka.
9:33 of 3rd period - Off-side.
9:34 of 3rd period - Cédric Lalonde-McNicoll wins face-off versus Blake Geoffrion in neutral zone.
9:39 of 3rd period - Snap shot by Guillaume Desbiens.
9:39 of 3rd period - Stopped by Antti Raanta with a rebound.
9:47 of 3rd period - Wrist shot by Mikael Granlund.
9:47 of 3rd period - Stopped by Tyler Plante without a rebound.
9:48 of 3rd period - Blake Geoffrion wins face-off versus Jonathan Matsumoto in Remparts zone.
9:51 of 3rd period - Snap shot by Blake Geoffrion.
9:51 of 3rd period - Shot Blocked by Erik Gudbranson.
9:53 of 3rd period - Wrist shot by Blake Geoffrion.
9:53 of 3rd period - Stopped by Tyler Plante with a rebound.
9:55 of 3rd period - Snap shot by Nate Schmidt.
9:55 of 3rd period - Stopped by Tyler Plante with a rebound.
10:20 of 3rd period - Guillaume Desbiens is hit by Anton Gustafsson and loses puck.
11:22 of 3rd period - Backhand shot by Jarod Palmer.
11:22 of 3rd period - Stopped by Antti Raanta with a rebound.
12:25 of 3rd period - Snap shot by Jonathan Matsumoto.
12:25 of 3rd period - Stopped by Antti Raanta without a rebound.
12:26 of 3rd period - Anton Gustafsson wins face-off versus Jonathan Matsumoto in Carnivores zone.
12:33 of 3rd period - Wrist shot by Anton Gustafsson.
12:33 of 3rd period - Goal by Anton Gustafsson - Remparts : 3 - Carnivores : 5.
12:34 of 3rd period - Mikael Granlund wins face-off versus Jonathan Matsumoto in neutral zone.
12:51 of 3rd period - Erik Gudbranson is hit by Bobby Sanguinetti and loses puck.
13:04 of 3rd period - Slapshot by Guillaume Desbiens.
13:04 of 3rd period - Stopped by Antti Raanta without a rebound.
13:05 of 3rd period - Anton Gustafsson wins face-off versus Cédric Lalonde-McNicoll in Carnivores zone.
13:16 of 3rd period - Snap shot by Anton Gustafsson.
13:16 of 3rd period - Stopped by Tyler Plante without a rebound.
13:17 of 3rd period - Mikael Granlund wins face-off versus Jonathan Matsumoto in Remparts zone.
13:20 of 3rd period - Slapshot by Blake Geoffrion.
13:20 of 3rd period - Stopped by Tyler Plante with a rebound.
13:32 of 3rd period - Wrist shot by Pasi Salonen.
13:32 of 3rd period - Goal by Pasi Salonen - Remparts : 4 - Carnivores : 5.
13:33 of 3rd period - Mikael Granlund wins face-off versus Jonathan Matsumoto in neutral zone.
14:43 of 3rd period - Jarod Palmer is hit by Zack Smith and loses puck.
15:06 of 3rd period - Slapshot by Erik Gudbranson.
15:06 of 3rd period - Goal by Erik Gudbranson - Remparts : 5 - Carnivores : 5.
15:07 of 3rd period - Jonathan Matsumoto wins face-off versus Markus Granlund in neutral zone.
16:33 of 3rd period - Minor Penalty to Zack Smith for Hooking.
16:34 of 3rd period - Jeremy Williams wins face-off versus Jonathan Matsumoto in Carnivores zone.
16:34 of 3rd period - Jeremy Williams is hit by Pasi Salonen.
16:42 of 3rd period - Wrist shot by Jeremy Williams.
16:42 of 3rd period - Stopped by Tyler Plante with a rebound.
16:48 of 3rd period - Snap shot by Pasi Salonen.
16:48 of 3rd period - Shot Misses the Net.
17:00 of 3rd period - Slapshot by Guillaume Desbiens.
17:00 of 3rd period - Shot Blocked by Sasha Pokulok.
17:02 of 3rd period - Wrist shot by Cédric Lalonde-McNicoll.
17:02 of 3rd period - Stopped by Antti Raanta with a rebound.
17:04 of 3rd period - Snap shot by Ty Wishart.
17:04 of 3rd period - Deflect By Phil Oreskovic.
17:04 of 3rd period - Stopped by Antti Raanta without a rebound.
17:05 of 3rd period - Pasi Salonen wins face-off versus Jeremy Williams in Carnivores zone.
17:36 of 3rd period - Wrist shot by Guillaume Desbiens.
17:36 of 3rd period - Deflect By Nate Schmidt.
17:36 of 3rd period - Shot Blocked by Mikael Granlund.
17:36 of 3rd period - Puck is out of play.
17:37 of 3rd period - Jonathan Matsumoto wins face-off versus Jeremy Williams in Carnivores zone.
17:40 of 3rd period - Snap shot by Jonathan Matsumoto.
17:40 of 3rd period - Shot Misses the Net.
17:42 of 3rd period - Wrist shot by Radko Gudas.
17:42 of 3rd period - Stopped by Antti Raanta with a rebound.
17:44 of 3rd period - Slapshot by Radko Gudas.
17:44 of 3rd period - Stopped by Antti Raanta without a rebound.
17:45 of 3rd period - Jeremy Williams wins face-off versus Jonathan Matsumoto in Carnivores zone.
17:54 of 3rd period - Slapshot by Radko Gudas.
17:54 of 3rd period - Goal by Radko Gudas - Remparts : 6 - Carnivores : 5.
17:55 of 3rd period - Chris Mueller wins face-off versus Markus Granlund in neutral zone.
19:04 of 3rd period - Snap shot by Guillaume Desbiens.
19:04 of 3rd period - Stopped by Antti Raanta without a rebound.
19:05 of 3rd period - Wayne Gretzky call a timeout for Carnivores.
19:05 of 3rd period - Cédric Lalonde-McNicoll wins face-off versus Blake Geoffrion in Carnivores zone.
19:25 of 3rd period - Carnivores, Antti Raanta is pulled from the net.
Goals for this period are 3 for Remparts vs 1 for Carnivores.
Shots for this period are 16 for Remparts vs 12 for Carnivores.
Back to the Top